 Dungeon Crawl Stone Soup version 0.28.0-53-g5a82cb258f (webtiles) character file.

Game seed: 14658715996523127369

172 cbfl8 the Chopper (level 5, 0/47 HPs)
             Began as a Minotaur Berserker on July 26, 2022.
             Was a Priest of Trog.
             Killed from afar by an orc wizard (4 damage)
             ... with a puff of flame
             ... on level 3 of the Dungeon.
             The game lasted 00:02:48 (3042 turns).

cbfl8 the Chopper (Minotaur Berserker)              Turns: 3042, Time: 00:02:48

Health: 0/47       AC: 11    Str: 22    XL:     5   Next: 27%
Magic:  4/4        EV: 15    Int:  4    God:    Trog [***...]
Gold:   147        SH:  0    Dex: 11    Spells: 4/4 levels left

rFire   . . .      SeeInvis .   l - +0 war axe
rCold   . . .      Faith    .   (no shield)
rNeg    . . .      Spirit   .   t - +3 scale mail
rPois   .          Reflect  .   (helmet restricted)
rElec   .          Harm     .   (no cloak)
rCorr   .          Rampage  .   d - +0 pair of gloves
Will    .....                   (no boots)
Stlth   ..........              (no amulet)
HPRegen 0.15/turn               k - +4 ring of evasion
MPRegen 0.09/turn               (no ring)

@: weak-willed, on berserk cooldown, slowed, very slow
A: horns 2, retaliatory headbutt
a: Renounce Religion, Berserk, Trog's Hand


You were on level 3 of the Dungeon.
You worshipped Trog.
Trog was most pleased with you.
You visited 1 branch of the dungeon, and saw 3 of its levels.

You collected 147 gold pieces.

Inventory:

Hand Weapons
 a - a +0 hand axe
 j - a +0 demon whip
 l - a +0 war axe (weapon)
Armour
 b - a +0 animal skin
 d - a +0 pair of gloves (worn)
 f - a +0 ring mail
 t - a +3 scale mail (worn)
Jewellery
 k - a +4 ring of evasion (left hand)
Scrolls
 c - a scroll of torment {unknown}
 g - a scroll of immolation {unknown}
 h - a scroll of enchant weapon {unknown}
 i - a scroll of teleportation {unknown}
 p - a scroll of fear
 r - a scroll of summoning {unknown}
Potions
 e - a potion of lignification {unknown}
 n - 2 potions of heal wounds {unknown}
 o - a potion of brilliance {unknown}
 s - 2 potions of curing {unknown}


   Skills:
 * Level 4.5 Fighting
 + Level 5.0 Axes
 + Level 0.3(3.1) Maces & Flails
 + Level 3.2 Armour
 * Level 3.4 Dodging
 * Level 1.3 Stealth


You had 4 spell levels left.
You didn't know any spells.
Your spell library was empty.

Dungeon Overview and Level Annotations

Branches:
Dungeon (3/15)

Altars:
Elyvilon
Xom


Innate Abilities, Weirdness & Mutations

You have a pair of horns on your head.
You reflexively headbutt those who attack you in melee.


Message History

A puff of flame appears from out of thin air!
The puff of flame hits you.
* * * LOW HITPOINT WARNING * * *
You hear some strange, mumbled words.
A puff of flame appears from out of thin air!
The puff of flame hits you but does no damage.
Something hits you.
* * * LOW HITPOINT WARNING * * *
You are too confused!
You feel less confused. Something hits you but does no damage.
Something hits you but does no damage.
A magic dart appears from out of thin air!
The magic dart hits you.
* * * LOW HITPOINT WARNING * * *
Okay, then.
Okay, then.
As you read the scroll labelled GOYDIU APUVI, it crumbles to dust.
Magic quickly surges around you.
It was a scroll of vulnerability.
Something hits you but does no damage. x2; Something hits you.
* * * LOW HITPOINT WARNING * * *
As you read the scroll labelled RAVACHOIRPH, it crumbles to dust.
It is a scroll of amnesia.
You feel forgetful for a moment.
An orc wizard appears from thin air!
Reactivating autopickup.
Something hits you but does no damage.
Deactivating autopickup; reactivate with Ctrl-A.
The orc wizard hits you with a +0 dagger.
* * * LOW HITPOINT WARNING * * *
Something completely misses you.
Unknown command.
As you read the scroll labelled IMOEVV POACS, it crumbles to dust.
You assume a fearsome visage.
The orc wizard looks frightened!
It was a scroll of fear.
The orc wizard gestures wildly while chanting.
The orc wizard flickers and vanishes!
You hear some strange, mumbled words.
A puff of flame appears from out of thin air!
The puff of flame hits you.
You die...

.........#...#.....#####..≈.≈P...
.......#.......#.......#P#≈.≈#P..
.....#.......(...#...>.#..≈.≈P...
..........#....).......#PP≈.≈.P..
....##...##............# .≈#...
..... ...+............# .≈PP..
##............# ......
......{{......# ......
........@.....(# ######
....############ .... ..


There were no monsters in sight!

Vanquished Creatures
  An orc wizard (D:3)
  4 gnolls (D:2)
  3 adders
  An ufetubus (D:3)
  2 worms (D:2)
  3 dart slugs
  3 orcs (D:3)
  4 ball pythons
  10 bats
  5 endoplasms
  4 giant cockroaches
  A goblin (D:3)
  4 hobgoblins
  2 jackals (D:3)
  5 kobolds
  2 quokkas
  5 frilled lizards
  5 rats
64 creatures vanquished.

Notes
Turn   | Place    | Note
-------+----------+-------------------------------------------
     0 | D:1      | cbfl8 the Minotaur Berserker began the quest for the Orb.
     0 | D:1      | Reached XP level 1. HP: 19/19 MP: 0/0
   149 | D:1      | Found a faded altar of an unknown god.
   274 | D:1      | Reached XP level 2. HP: 25/27 MP: 1/1
   478 | D:1      | Reached skill level 4 in Axes
  1218 | D:2      | Reached XP level 3. HP: 33/33 MP: 2/2
  1219 | D:2      | Reached ** piety under Trog
  1500 | D:2      | Reached XP level 4. HP: 18/40 MP: 3/3
  1505 | D:2      | Reached skill level 1 in Stealth
  2502 | D:3      | Found a white marble altar of Elyvilon.
  2566 | D:3      | Reached XP level 5. HP: 47/47 MP: 4/4
  2906 | D:3      | Found a shimmering altar of Xom.
  3021 | D:3      | Reached *** piety under Trog
  3022 | D:3      | Reached skill level 5 in Axes
  3042 | D:3      | Killed from afar by an orc wizard

Illustrated notes

Levels and vault maps discovered:
D:1:      minmay_arrival_stair_chambers, layout_basic,
          shapermc_ecumenical_altar_acropolis, skrybe_limestone_x, st_stairs_10
D:2:      layout_basic
D:3:      layout_basic, nicolae_elyvilon_temple_path, tgw_xom,
          minmay_misc_feat_more_columns, minmay_box_of_dots

Skill      XL: |  1  2  3  4  5 |
---------------+----------------+-----
Axes           | 4 5 |  5.0
Fighting       | 4 |  4.5
Dodging        | 3 |  3.4
Armour         | 3 |  3.2
Stealth        | 1 |  1.3
Maces & Flails | |  0.3

Action                   |  1- 3 |  4- 6 || total
-------------------------+-------+-------++-------
Melee: Hand axe          |    45 |       ||    45
       Headbutt          |     8 |     8 ||    16
       Demon whip        |     5 |       ||     5
       War axe           |    37 |    48 ||    85
       Punch             |       |     1 ||     1
Invok: Berserk           |     1 |     1 ||     2
  Use: Scroll            |       |     3 ||     3
 Stab: Sleeping          |     1 |       ||     1
Armor: Animal skin       |     5 |       ||     5
       Ring mail         |    32 |     4 ||    36
       Scale mail        |       |    34 ||    34
Dodge: Dodged            |    72 |    46 ||   118
